AoeStats
← Clown baby

Nomad

511050139Analyzed
2v2 RM · 8h ago on Oct 3, 2026· 46m 17s· 4 players
Game mode
Random Map
Map size
176×176
Population
200
Speed
Normal
Resources
Standard
Victory
Conquest
Starting age
Dark Age
Ending age
Imperial Age
RankedLock teamsTeams togetherTeam positionsShared explorationLock speedFull tech treeHidden civsTurbo modeCheats
Victory
Defeat
🇬🇧 Italians · United Kingdom
1337
+21
🇩🇪 Persians · Germany
1335
+21
🇬🇧 Khmer · United Kingdom
1481
-23
🇳🇱 Persians · Netherlands
1408
-19
Clown baby
5:06 Loom
12:30 Feudal Age
15:19 Double-Bit Axe
19:03 Castle Age
18:20 Forging
17:59 Horse Collar
20:34 Gold Mining
23:51 Bow Saw
24:46 Fishing Lines
27:31 Wheelbarrow
30:35 Heavy Plow
31:57 Masonry
32:32 Fletching
34:00 Hand Cart
36:48 Imperial Age
36:34 Gold Shaft Mining
35:49 Stone Mining
35:52 Town Watch
38:17 Chemistry
37:30 Bodkin Arrow
37:36 Padded Archer Armor
37:21 Elite Skirmisher
38:02 Padded Archer Armor
39:07 Leather Archer Armor
40:30 Ring Archer Armor
41:37 Elite Cannon Galleon
NarKofer
2:46 Loom
12:56 Feudal Age
21:05 Castle Age
19:04 Double-Bit Axe
21:09 Gold Mining
22:58 Scale Barding Armor
24:26 Demolition Ship
30:47 Bow Saw
30:30 Horse Collar
33:10 Medium Warships
35:34 Wheelbarrow
34:45 Town Watch
39:05 Bloodlines
38:56 Husbandry
39:03 Tusk Swords
42:35 Imperial Age
41:39 Forging
43:10 Iron Casting
44:14 Elite Battle Elephant
Lord Lytton
4:09 Loom
12:36 Feudal Age
13:11 Double-Bit Axe
20:06 Castle Age
18:35 Fletching
18:47 Gold Mining
21:28 Medium Warships
21:53 Bow Saw
22:36 Crossbowman
24:46 Wheelbarrow
24:19 Thumb Ring
24:10 Bodkin Arrow
24:10 Horse Collar
26:55 Heavy Plow
29:58 Stone Mining
34:30 Imperial Age
31:46 Town Watch
32:52 Padded Archer Armor
33:44 Ballistics
33:58 Hand Cart
36:17 Chemistry
35:40 Conscription
35:21 Bracer
35:59 Leather Archer Armor
36:33 Crop Rotation
37:03 Two-Man Saw
36:31 Elite Genoese Crossbowman
38:49 Hoardings
39:14 Ring Archer Armor
Geschmeido
10:20 Loom
12:43 Feudal Age
13:24 Double-Bit Axe
19:34 Castle Age
17:49 Fishing Lines
19:25 Scale Mail Armor
19:38 Forging
19:26 Gold Mining
20:17 Medium Warships
25:02 Wheelbarrow
25:22 Scale Barding Armor
25:42 Bow Saw
28:02 Hand Cart
27:29 Horse Collar
28:49 Stone Mining
28:49 Town Watch
29:55 Heavy Plow
31:26 Gold Shaft Mining
30:47 Fletching
34:02 Bloodlines
33:53 Husbandry
34:03 Light Cavalry
36:26 Chain Barding Armor
37:27 Stone Shaft Mining
36:52 Bodkin Arrow
37:13 Masonry
41:31 Imperial Age
40:26 Iron Casting
41:04 Town Patrol
41:10 Cavalier
42:29 Plate Barding Armor
43:29 Chemistry
43:16 Savar
46:07 Two-Man Saw
45:43 Crop Rotation
47:04 Citadels
Connection lost

Rejoining the realm…

Still unreachable

The connection could not be restored.

Session expired

The server has moved on; the page needs a fresh start.